 Dungeon Crawl Stone Soup version 0.28.0-53-g5a82cb258f (webtiles) character file.

Game seed: 3941555291654721602

27337 funkygono the Blocker (level 13, -4/114 HPs)
             Began as a Minotaur Berserker on June 18, 2022.
             Was a High Priest of Trog.
             Succumbed to Nessos's poison
             ... on level 4 of the Lair of Beasts on June 19, 2022.
             The game lasted 00:29:14 (15010 turns).

funkygono the Blocker (Minotaur Berserker)         Turns: 15010, Time: 00:29:17

Health: -4/114     AC: 21    Str: 25    XL:     13   Next: 3%
Magic:  2/21       EV:  9    Int:  4    God:    Trog [*****.]
Gold:   818        SH: 19    Dex: 18    Spells: 12/12 levels left

rFire   . . .      SeeInvis .   K - +4 war axe of Summer {flame, Fly rN+}
rCold   . . .      Faith    .   n - +0 tower shield
rNeg    + . .      Spirit   +   I - +0 plate armour
rPois   .          Reflect  .   (helmet restricted)
rElec   .          Harm     .   v - +1 cloak
rCorr   .          Rampage  +   G - +0 pair of gloves
Will    ++...                   l - +1 pair of boots
Stlth   ..........              j - amulet of Jeheym {Spirit Rampage}
HPRegen 1.29/turn               d - +6 ring of dexterity
MPRegen 0.17/turn               A - ring of magical power

@: lethally poisoned (-4 -> -32), about to teleport, strong-willed, on berserk
cooldown, flying, regenerating, slowed, very slow
A: horns 2, retaliatory headbutt
a: Renounce Religion, Berserk, Trog's Hand, Brothers in Arms


You were on level 4 of the Lair of Beasts.
You worshipped Trog.
Trog was extremely pleased with you.
You visited 2 branches of the dungeon, and saw 14 of its levels.

You collected 818 gold pieces.

Inventory:

Hand Weapons
 x - a +5 mace
 z - a +4 falchion
 K - the +4 war axe of Summer (weapon) {flame, Fly rN+}
   (You found it on level 2 of the Lair of Beasts)

   It burns those it strikes, dealing additional fire damage.
   Big, fiery blades are also staple armaments of hydra-hunters.
   rN:        It protects you from negative energy.
   Fly:       It grants you flight.
Missiles
 H - 4 throwing nets (quivered)
 L - 13 bolts
Armour
 a - the +1 ring mail of Narcissism {Will+++}
   (You found it on level 9 of the Dungeon)

   Will:      It greatly increases your willpower.
 l - a +1 pair of boots (worn)
 n - a +0 tower shield (worn)
 v - a +1 cloak (worn)
 D - a +0 chain mail
 F - an orb of mayhem
 G - a +0 pair of gloves (worn)
 I - a +0 plate armour (worn)
Jewellery
 d - a +6 ring of dexterity (left hand)
 j - the amulet of Jeheym (around neck) {Spirit Rampage}
   (You acquired it on level 5 of the Dungeon)

   [amulet of guardian spirit]

   It causes incoming damage to be divided between your reserves of health and
   magic.
   Rampage:   It bestows one free step when moving towards enemies.
 o - an amulet of regeneration
 u - an amulet of the acrobat
 A - a ring of magical power (right hand)
 J - a ring of ice
Wands
 p - a wand of acid (1)
 q - a wand of paralysis (7)
 s - a wand of iceblast (2)
 M - a wand of mindburst (10)
Scrolls
 e - a scroll of enchant weapon
 m - a scroll of silence
 y - 4 scrolls of magic mapping
 B - 3 scrolls of teleportation
 E - 5 scrolls of fog
Potions
 b - 3 potions of lignification
 c - 2 potions of haste
 f - 2 potions of berserk rage
 g - a potion of might {unknown}
 h - 5 potions of cancellation
 i - 3 potions of heal wounds
 k - a potion of brilliance {unknown}
 r - 3 potions of mutation
 t - 5 potions of curing
 w - 2 potions of attraction
 C - 2 potions of flight


   Skills:
 + Level 10.7 Fighting
 + Level 13.2 Long Blades
 + Level 5.2(5.5) Axes
 + Level 2.5(4.2) Maces & Flails
 * Level 10.7 Armour
 + Level 7.7 Dodging
 + Level 2.8 Stealth
 + Level 13.3 Shields
 * Level 5.1 Evocations


You had 12 spell levels left.
You didn't know any spells.
Your spell library was empty.

Dungeon Overview and Level Annotations

Branches:
Dungeon (10/15)            Temple (0/1) D:6            Lair (4/6) D:9
 Shoals (0/4) Lair:3       Spider (0/4) Lair:3          Orc (0/2) D:10

Altars:
Cheibriados
Dithmenos
Elyvilon
Gozag
Kikubaaqudgha
Makhleb
Okawaru
Qazlal
Trog
Wu Jian
Yredelemnul
The Shining One

Shops:
D:2 =   D:3 ([:[*

Annotations:
Lair:4 Nessos


Innate Abilities, Weirdness & Mutations

You have a pair of horns on your head.
You reflexively headbutt those who attack you in melee.


Message History

An arrow appears from out of thin air!
The arrow hits you! The arrow burns you.
You are poisoned.
You feel extremely sick.
You hear a loud twanging sound.
An arrow appears from out of thin air!
The arrow hits you! The arrow burns you.
Unknown command.
You feel very sick. Something hits you but does no damage. Something kicks you.
You block something's attack. Something kicks you but does no damage.
Something hits you but does no damage. Something kicks you but does no damage.
You feel very sick. Something hits you but does no damage.
Something kicks you but does no damage. Something hits you but does no damage.
Something kicks you but does no damage. Something hits you but does no damage.
Something kicks you but does no damage.
You hear some strange, mumbled words.
You feel sick.
You feel sick.
You hear some strange, mumbled words.
You hear a loud twanging sound.
An arrow appears from out of thin air!
The arrow hits you!!
* * * LOW HITPOINT WARNING * * *
The arrow burns you.
You are more poisoned.
* * * LOW HITPOINT WARNING * * *
You feel extremely sick.
You hear a loud twanging sound.
An arrow appears from out of thin air!
The arrow hits you.
* * * LOW HITPOINT WARNING * * *
The arrow burns you.
You are lethally poisoned!
* * * LOW HITPOINT WARNING * * *
You hear a loud twanging sound.
An arrow appears from out of thin air!
The arrow hits you.
* * * LOW HITPOINT WARNING * * *
The arrow burns you.
You are more poisoned.
* * * LOW HITPOINT WARNING * * *
Okay, then.
As you read the scroll of teleportation, it crumbles to dust.
You feel strangely unstable.
You die...

###..........) ......#
##......## #..#####
#.......# ##..
###......## #.#
...........# #. #
......#.ยง..#### .#
...........#..######.#
.........{.#.......>.#
.#.#......#.@..##.####
.........##...####
.......##..### #...#.#
##.# ...## #.# .. ..#
## .## .# ### ##
.##..#


There were no monsters in sight!

Vanquished Creatures
  Snorg (D:10)
  A hydra (Lair:3)
  Harold (Lair:1)
  A boulder beetle (Lair:4)
  A catoblepas (Lair:3)
  2 two-headed ogres (D:10)
  3 death yaks (Lair:2)
  9 cane toads
  A torpor snail (Lair:2)
  12 komodo dragons
  A meliai (Lair:3)
  A troll (D:9)
  2 polar bears
  A hornet (shapeshifter) (D:10)
  9 blink frogs
  Sigmund (D:2)
  3 wyverns
  9 spriggans (Lair:1)
  20 yaks
  A steam dragon (D:9)
  A basilisk (Lair:1)
  13 water moccasins
  An orc warrior (D:9)
  2 ice beasts (D:5)
  A sky beast (D:7)
  2 black bears
  2 ogres
  A necrophage (D:7)
  10 wolves
  5 centaurs
  A kobold brigand (D:9)
  20 bullfrogs
  2 gnoll sergeants
  2 scorpions
  2 water moccasin skeletons
  A water moccasin zombie (D:6)
  17 killer bees
  15 wights
  An electric eel (Lair:2)
  3 howler monkeys
  A centaur zombie (D:9)
  2 hounds
  3 jellies
  A quasit (D:8)
  A bullfrog zombie (D:6)
  2 centaur skeletons
  An orc priest (D:10)
  2 bullfrog skeletons
  2 iguanas
  8 orc wizards
  A killer bee zombie (D:6)
  A hound skeleton (D:4)
  A howler monkey zombie (D:9)
  10 gnolls
  2 howler monkey skeletons (D:7)
  7 adders
  2 shadow imps
  A white imp (D:7)
  2 adder skeletons (D:4)
  4 worms
  2 dart slugs
  35 orcs
  5 ball pythons
  2 endoplasms
  3 giant cockroaches
  6 goblins
  8 hobgoblins
  A jackal (D:2)
  8 kobolds
  4 quokkas
  4 bats
  3 frilled lizards
  2 goblin zombies (D:8)
  2 hobgoblin zombies (D:8)
  A kobold skeleton (D:8)
  A kobold zombie (D:8)
  An orc skeleton (D:8)
  5 rats
329 creatures vanquished.

Vanquished Creatures (others)
  A wizard (D:6)
  A black bear (D:9)
  A bush (D:10)
  75 fungi
  81 plants
159 creatures vanquished.

Grand Total: 488 creatures vanquished

Notes
Turn   | Place    | Note
-------+----------+-------------------------------------------
     0 | D:1      | funkygono the Minotaur Berserker began the quest for the
                  | Orb.
     0 | D:1      | Reached XP level 1. HP: 19/19 MP: 0/0
   653 | D:1      | Reached XP level 2. HP: 24/27 MP: 1/1
   739 | D:1      | Found a faded altar of an unknown god.
  1147 | D:2      | Reached XP level 3. HP: 31/34 MP: 2/2
  1417 | D:2      | Noticed Sigmund
  1421 | D:2      | Killed Sigmund
  1422 | D:2      | Reached skill level 5 in Fighting
  1422 | D:2      | Reached skill level 5 in Long Blades
  1422 | D:2      | Reached XP level 4. HP: 42/42 MP: 3/3
  1422 | D:2      | Reached XP level 5. HP: 48/48 MP: 4/4
  1443 | D:2      | Found Xozuplyu's Jewellery Emporium.
  1589 | D:2      | Identified the +2 robe of the Gusle {rElec Str+4}
  1835 | D:3      | Reached XP level 6. HP: 42/57 MP: 5/5
  1844 | D:3      | Reached ** piety under Trog
  2005 | D:3      | Found Fuus's Armour Boutique.
  2030 | D:3      | Found Sounoa's Book Boutique.
  2308 | D:3      | Found Qoprouk's Antique Armour Emporium.
  2315 | D:3      | Found Gosuohie's Antique Weapon Emporium.
  2603 | D:3      | Found Zufraly's Assorted Antiques.
  2921 | D:4      | Reached XP level 7. HP: 47/63 MP: 6/6
  3398 | D:5      | Entered Level 5 of the Dungeon
  3449 | D:5      | Reached skill level 1 in Shields
  4213 | D:5      | Reached XP level 8. HP: 47/71 MP: 7/7
  4363 | D:5      | Reached skill level 5 in Dodging
  4534 | D:5      | Identified a scroll of acquirement
  4534 | D:5      | Acquired the amulet of Jeheym {Spirit Rampage}
  4595 | D:6      | Found a staircase to the Ecumenical Temple.
  4607 | D:6      | Reached skill level 1 in Stealth
  4773 | D:6      | Found a bloodstained altar of Trog.
  4783 | D:6      | Reached *** piety under Trog
  5176 | D:6      | Reached skill level 5 in Shields
  5489 | D:6      | Noticed a wizard
  5491 | D:6      | Killed a wizard
  5646 | D:7      | Found a white marble altar of Elyvilon.
  5656 | D:7      | Reached XP level 9. HP: 79/79 MP: 8/8
  5762 | D:7      | Found a stormy altar of Qazlal.
  5777 | D:7      | Found a snail-covered altar of Cheibriados.
  6537 | D:8      | Reached **** piety under Trog
  6775 | D:8      | Found a glowing golden altar of the Shining One.
  6793 | D:8      | Reached skill level 10 in Long Blades
  7114 | D:8      | Found an ornate altar of the Wu Jian Council.
  7114 | D:8      | Found an ancient bone altar of Kikubaaqudgha.
  7338 | D:9      | Noticed a troll
  7340 | D:9      | Reached XP level 10. HP: 65/89 MP: 9/9
  7424 | D:9      | Found a staircase to the Lair.
  7798 | D:9      | Identified the +1 ring mail of Narcissism {Will+++}
  8196 | D:10     | Entered Level 10 of the Dungeon
  8196 | D:10     | Found a staircase to the Orcish Mines.
  8457 | D:10     | Found a shadowy altar of Dithmenos.
  8458 | D:10     | Found a burning altar of Makhleb.
  8460 | D:10     | Found a basalt altar of Yredelemnul.
  8489 | D:10     | Reached skill level 5 in Armour
  8546 | D:10     | Noticed Snorg
  8559 | D:10     | Killed Snorg
  8560 | D:10     | Reached skill level 10 in Shields
  8916 | D:10     | Found an opulent altar of Gozag.
  9101 | D:10     | Found an iron altar of Okawaru.
  9312 | D:10     | Noticed a two-headed ogre
  9323 | D:10     | Killed a two-headed ogre
  9361 | D:10     | Noticed a two-headed ogre
  9371 | D:10     | Killed a two-headed ogre
  9372 | D:10     | Reached XP level 11. HP: 46/97 MP: 10/10
  9775 | Lair:1   | Entered Level 1 of the Lair of Beasts
 10257 | Lair:1   | Reached skill level 1 in Evocations
 10509 | Lair:1   | Reached skill level 1 in Maces & Flails
 11041 | Lair:1   | Reached skill level 10 in Fighting
 11050 | Lair:1   | Noticed Harold
 11073 | Lair:1   | Killed Harold
 11710 | Lair:2   | Noticed a seven-headed hydra
 11766 | Lair:2   | Reached XP level 12. HP: 95/106 MP: 11/11
 11835 | Lair:2   | Noticed a death yak
 11835 | Lair:2   | Noticed a death yak
 11836 | Lair:2   | Noticed a death yak
 11866 | Lair:2   | Killed a death yak
 11915 | Lair:2   | Killed a death yak
 11937 | Lair:2   | Killed a death yak
 12306 | Lair:2   | Identified the +4 war axe of Summer {flame, Fly rN+}
 12480 | Lair:2   | Reached ***** piety under Trog
 13069 | Lair:3   | Killed a two-headed hydra
 13244 | Lair:3   | Reached skill level 1 in Axes
 13592 | Lair:3   | Noticed a catoblepas
 13613 | Lair:3   | Killed a catoblepas
 13614 | Lair:3   | Reached skill level 10 in Armour
 13632 | Lair:3   | Found a hole to the Spider Nest.
 13905 | Lair:3   | Found a staircase to the Shoals.
 14297 | Lair:4   | Noticed a boulder beetle
 14309 | Lair:4   | Killed a boulder beetle
 14412 | Lair:4   | Reached skill level 5 in Evocations
 14567 | Lair:4   | Reached XP level 13. HP: 83/114 MP: 12/12
 14708 | Lair:4   | Reached skill level 5 in Axes
 14989 | Lair:4   | Noticed Nessos
 15010 | Lair:4   | Succumbed to Nessos's poison

Illustrated notes

Levels and vault maps discovered:
D:1:      lightli_arrival_statue_moat, layout_basic,
          shapermc_ecumenical_altar_mp_ritualfount, serial_bayou_pond_a,
          minmay_misc_feat_diagonals
D:2:      wad_pebble_path, layout_rooms, serial_shops, nicolae_lakefront_shop,
          grunt_decor_clamped, minmay_tall_x, uniq_sigmund
D:3:      layout_basic, serial_shops, nicolae_shop_hallway_stairs, shop,
          nicolae_shop_competitors_out_of_business, shop, shop,
          minmay_misc_feat_iff
D:4:      layout_cave_pools, chequers_serial_rivers_small_b
D:5:      layout_gridville, serial_bayou_pond_d
D:6:      layout_basic, trog_wizard, minmay_temple_entry_statues_pillars
D:7:      layout_rooms, elyvilon_altar_5, grunt_qazlal_clouds, slow_altar_1
D:8:      layout_cave_pools, nicolae_tso_besieged_by_evil,
          mainiacjoe_overflow_divided_tiny
D:9:      layout_loops_cross, due_lair_maze_entry_diamond
D:10:     layout_long_grid, grunt_gozag_statues, kennysheep_okawaru_gauntlet,
          gammafunk_temple_overflow_forgotten, orc_0_dummy, uniq_snorg
Lair:1:   kb_forest_paths, layout_hall_layers, beast_lair_carwin_5, uniq_harold
Lair:2:   layout_cave_pods, grunt_forest_small_clearing_treed,
          serial_bayou_shore_a, grunt_megastairs_4
Lair:3:   layout_regular_city, shoals_dummy_entry,
          hellmonk_spider_entry_not_the_bees, serial_bayou_shore_b
Lair:4:   layout_loops_ring, lemuel_fruit_fields, uniq_nessos

Skill      XL: |  1  2  3  4  5  6  7  8  9 10 11 12 13 |
---------------+----------------------------------------+-----
Fighting       | 4 5 6 7 8 9 10 | 10.7
Long Blades    | 4 5 6 7 8 10 11 12 13 | 13.2
Armour         | 3 4 6 8 10 | 10.7
Dodging        | 3 4 6 7 |  7.7
Shields        | 3 5 7 10 12 13 | 13.3
Stealth        | 1 2 |  2.8
Evocations     | 3 5 |  5.1
Maces & Flails | 2 |  2.5
Axes           | 4 5 |  5.2

Action                   |  1- 3 |  4- 6 |  7- 9 | 10-12 | 13-15 || total
-------------------------+-------+-------+-------+-------+-------++-------
Melee: Falchion          |    47 |    80 |   305 |   613 |       ||  1045
       Headbutt          |     4 |    13 |    78 |   204 |     6 ||   305
       Mace              |       |       |       |    22 |       ||    22
       War axe           |       |       |       |   123 |    23 ||   146
Invok: Berserk           |     3 |     4 |    12 |    10 |     1 ||    30
       Trog's Hand       |       |       |       |     7 |     1 ||     8
Evoke: Wand              |       |       |       |     6 |       ||     6
  Use: Scroll            |     2 |     6 |    11 |     5 |     1 ||    25
       Potion            |       |     2 |       |       |     1 ||     3
 Stab: Sleeping          |       |       |     3 |       |       ||     3
Armor: Ring mail         |     1 |       |       |       |       ||     1
       Animal skin       |     1 |       |       |       |       ||     1
       Scale mail        |    17 |     2 |       |       |       ||    19
       Robe              |       |    63 |    52 |       |       ||   115
       Chain mail        |       |       |    10 |   103 |       ||   113
       Plate armour      |       |       |       |   148 |    35 ||   183
Dodge: Dodged            |    25 |    89 |   101 |   160 |     9 ||   384
Block: Tower shield      |       |    33 |   230 |   650 |    22 ||   935
